 Dungeon Crawl Stone Soup version 0.31-a0-164-g2312942fda (webtiles) character file.

Game seed: 7422686533678680753

396 qw the Shooter (level 6, 0/38 HPs)
             Began as a Gargoyle Hunter on June 13, 2023.
             Slain by an orc warrior
             ... wielding a +0 dire flail
              (13 damage)
             ... on level 5 of the Dungeon.
             The game lasted 00:01:28 (3266 turns).

qw the Shooter (Gargoyle Hunter)                    Turns: 3266, Time: 00:01:28

Health: 0/38       AC: 14    Str: 14    XL:     6   Next: 83%
Magic:  6/6        EV: 11    Int:  8    God:
Gold:   312        SH:  0    Dex: 15    Spells: 5/5 levels left

rFire   . . .        Y - +1 shortbow
rCold   + . .        (shield currently unavailable)
rNeg    + . .        j - +2 ring mail {rC+}
rPois   inf          (helmet restricted)
rElec   +            (no cloak)
rCorr   +            b - +2 pair of gloves
SInv    .            (no boots)
Will    .....        (no amulet)
Stlth   +            a - ring of resist corrosion
HPRegen 0.26/turn    (no ring)
MPRegen 0.10/turn

%: no passive effects
@: no status effects
A: sickness immunity, AC +4, negative energy resistance 1, electricity
resistance, torment resistance 1, petrification resistance, antennae 1, hooves
1, dopey 1, MP-powered wands
a: no special abilities


You were on level 5 of the Dungeon.
You visited 1 branch of the dungeon, and saw 5 of its levels.

You collected 312 gold pieces.


Innate Abilities, Weirdness & Mutations

You are immune to sickness and miasma.
Your stone body is resilient. (AC +4)
You are immune to poison.
You resist negative energy. (rN+)
You are resistant to electric shocks. (rElec)
You are resistant to unholy torment.
You are immune to petrification.
You have a pair of small antennae on your head.
You have large cloven feet.
You are dopey. (Int -2)
You expend magic power (3 MP) to strengthen your wands.


   Skills:
 - Level 4.0 Fighting
 + Level 7.1 Ranged Weapons
 - Level 1.3 Armour
 - Level 1.5 Dodging
 - Level 1.1 Stealth


You had 5 spell levels left.
You didn't know any spells.
Your spell library was empty.

Inventory:

Hand Weapons
 Y - a +1 shortbow (weapon)
Armour
 b - a +2 pair of gloves (worn)
 j - a +2 ring mail of cold resistance (worn)
 o - a +1 robe of fire resistance
Jewellery
 a - a ring of resist corrosion (left hand)
Scrolls
 f - a scroll of identify
 m - 2 scrolls of teleportation
Potions
 c - a potion of heal wounds {unknown}
 d - a potion of haste
 g - a potion of might {unknown}
 h - a potion of magic {unknown}
 i - a potion of mutation

Dungeon Overview and Level Annotations

Branches:
Dungeon (5/15)
 Temple: D:4-7

Altars:
Xom
The Shining One


Message History

The arrow closely misses the orc warrior.
The orc warrior closely misses you. The orc priest barely misses you.
You shoot an arrow.
The arrow hits the orc warrior but does no damage.
The orc priest hits you but does no damage.
The orc priest hits you with a +0 club. The orc warrior closely misses you.
A worm comes into view.
You shoot an arrow. The arrow hits the orc warrior.
The orc warrior is lightly wounded.
The orc priest hits you but does no damage.
The orc priest completely misses you. The orc warrior closely misses you.
You shoot an arrow.
The arrow barely misses the orc warrior.
The orc priest hits you but does no damage.
The orc priest barely misses you.
The orc warrior hits you but does no damage.
The orc priest hits you but does no damage.
The orc priest hits you with a +0 club. The orc warrior barely misses you.
You shoot an arrow.
The arrow closely misses the orc warrior.
The orc priest misses you.
The orc priest hits you but does no damage.
The orc warrior hits you with a +0 dire flail.
You shoot an arrow.
The arrow hits the orc warrior but does no damage.
The orc warrior is lightly wounded.
The orc priest hits you with a +0 club.
The orc priest hits you but does no damage.
The orc warrior hits you but does no damage.
You shoot an arrow.
The arrow closely misses the orc warrior.
The orc priest hits you but does no damage. x2
The orc warrior hits you but does no damage.
You shoot an arrow.
The arrow barely misses the orc warrior.
The orc priest closely misses you.
The orc priest mumbles some strange prayers to Beogh against you.
Beogh smites you!
The orc warrior hits you with a +0 dire flail!
You die...

. ....
#..#..###
#>...
###...##
#....#
#....##
#..#...##
#....#....#
....###...##
..##.......##
.##...#.o@..#
..###.oo.## #
#.w..##
#...## .....
?.....
....#.#
......


You could see an orc warrior, a worm and 2 orc priests.

Vanquished Creatures
  A phantom (D:5)
  An orc priest (D:3)
  A sleepcap (D:4)
  4 orc wizards
  An iguana (D:4)
  8 adders
  A dart slug (D:1)
  11 orcs
  6 endoplasms
  4 giant cockroaches
  3 goblins
  6 hobgoblins
  2 jackals (D:3)
  3 ball pythons
  2 bats (D:3)
  4 frilled lizards
  3 kobolds
  6 rats
67 creatures vanquished.

Notes
Turn   | Place    | Note
-------+----------+-------------------------------------------
     0 | D:1      | qw the Gargoyle Hunter began the quest for the Orb.
     0 | D:1      | Reached XP level 1. HP: 12/12 MP: 1/1
     0 | D:1      | 0 ||| qw: Version: 0.2-a-29-gc1b59c4
     0 | D:1      | 0 ||| qw: Game counter: 4590
     0 | D:1      | 0 ||| qw: Always use a shield: true
     0 | D:1      | 0 ||| qw: God list: Okawaru
     0 | D:1      | 0 ||| qw: Allow faded altars: false
     0 | D:1      | 0 ||| qw: Do Orc after D:15 true
     0 | D:1      | 0 ||| qw: Do second Lair branch before Depths: true
     0 | D:1      | 0 ||| qw: Lair rune preference: random
     0 | D:1      | 0 ||| qw: Plans: Normal, Zot:1-4, Slime:5, God:TSO, Crypt,
                  | Tomb, Abyss, Pan, Hells, Win
     0 | D:1      | 0 ||| PLANNING D:1-11
   206 | D:1      | Reached XP level 2. HP: 17/17 MP: 2/2
   369 | D:1      | You fall into a shaft and drop 1 floor!
   612 | D:2      | 612 ||| READING scroll labelled VOQYLO VUOG.
   613 | D:2      | 613 ||| READING scroll labelled WOSARE LOMN.
   614 | D:2      | 614 ||| READING 2 scrolls labelled YPPIEC HUIGIT.
   619 | D:2      | 619 ||| READING scroll labelled BIUCEF EKASISS.
   620 | D:2      | 620 ||| DRINKING 2 metallic yellow potions.
   621 | D:2      | 621 ||| DROPPING scroll of butterflies.
   622 | D:2      | 622 ||| DROPPING potion of degeneration.
   769 | D:1      | 769 ||| FLEEEEING.
   918 | D:1      | 918 ||| UPGRADING to +2 pair of gloves.
   923 | D:1      | 923 ||| UPGRADING to ring of resist corrosion.
  1041 | D:2      | Reached XP level 3. HP: 21/21 MP: 3/3
  1184 | D:2      | 1184 ||| UPGRADING to +0 ring mail.
  1194 | D:2      | 1194 ||| DROPPING +0 leather armour.
  1195 | D:2      | 1195 ||| READING 2 scrolls of identify.
  1195 | D:2      | 1195 ||| IDENTIFYING yellow potion
  1263 | D:3      | 1263 ||| FLEEEEING.
  1264 | D:3      | 1264 ||| FLEEEEING.
  1296 | D:3      | Reached skill level 1 in Armour
  1335 | D:3      | Reached skill level 5 in Ranged Weapons
  1335 | D:3      | Reached XP level 4. HP: 22/26 MP: 4/4
  1339 | D:3      | Reached skill level 3 in Fighting
  1344 | D:3      | HP: 7/28 [something/puff of flame (8)]
  1347 | D:3      | 1347 ||| READING scroll of teleportation.
  1590 | D:3      | Found a glowing golden altar of the Shining One.
  1624 | D:3      | Reached XP level 5. HP: 32/32 MP: 5/5
  1822 | D:3      | 1822 ||| FLEEEEING.
  1824 | D:3      | 1824 ||| FLEEEEING.
  1831 | D:3      | 1831 ||| FLEEEEING.
  1832 | D:3      | 1832 ||| FLEEEEING.
  1833 | D:3      | 1833 ||| FLEEEEING.
  1834 | D:3      | 1834 ||| FLEEEEING.
  1835 | D:3      | 1835 ||| FLEEEEING.
  1836 | D:3      | 1836 ||| FLEEEEING.
  1837 | D:3      | 1837 ||| FLEEEEING.
  1838 | D:3      | 1838 ||| FLEEEEING.
  1839 | D:3      | 1839 ||| FLEEEEING.
  1840 | D:3      | 1840 ||| FLEEEEING.
  1841 | D:3      | 1841 ||| FLEEEEING.
  1842 | D:3      | 1842 ||| FLEEEEING.
  1851 | D:3      | 1851 ||| FLEEEEING.
  1852 | D:3      | 1852 ||| FLEEEEING.
  1853 | D:3      | 1853 ||| FLEEEEING.
  1856 | D:3      | 1856 ||| FLEEEEING.
  1857 | D:3      | 1857 ||| STAIRDANCE
  1928 | D:2      | 1928 ||| READING scroll labelled SUMEEP BAME.
  1929 | D:2      | 1929 ||| DRINKING 2 bubbling black potions.
  1929 | D:2      | Gained mutation: You have large cloven feet. [potion of
                  | mutation]
  1929 | D:2      | Gained mutation: You expend magic power (3 MP) to
                  | strengthen your wands. [potion of mutation]
  1929 | D:2      | Gained mutation: You are dopey. (Int -2) [potion of
                  | mutation]
  1929 | D:2      | Gained mutation: You have a pair of small antennae on your
                  | head. [potion of mutation]
  1940 | D:3      | 1940 ||| STAIRDANCE
  1965 | D:2      | Reached skill level 6 in Ranged Weapons
  2381 | D:3      | 2381 ||| UPGRADING to +2 ring mail of cold resistance.
  2391 | D:3      | 2391 ||| DROPPING +0 ring mail.
  2552 | D:4      | Reached XP level 6. HP: 38/38 MP: 6/6
  2886 | D:4      | Found a shimmering altar of Xom.
  2970 | D:4      | 2970 ||| READING scroll labelled BIDITHRIONY.
  2971 | D:4      | 2971 ||| READING scroll labelled LUIW UDY KOLAU.
  3072 | D:4      | 3072 ||| READING scroll labelled QYZIOP MISAHY.
  3101 | D:4      | 3101 ||| READING scroll labelled JESINEACRI.
  3102 | D:4      | 3102 ||| READING 2 scrolls of identify.
  3102 | D:4      | 3102 ||| IDENTIFYING lumpy grey potion
  3103 | D:4      | 3103 ||| DROPPING potion of brilliance.
  3113 | D:5      | Entered Level 5 of the Dungeon
  3191 | D:5      | Reached skill level 7 in Ranged Weapons
  3250 | D:5      | Noticed an orc warrior
  3266 | D:5      | Slain by an orc warrior

Levels and vault maps discovered:
D:1:      dpeg_arrival_three_same_balls, layout_basic
D:2:      layout_basic
D:3:      layout_loops_ring, tso_oasis_becter
D:4:      layout_rooms, kennysheep_mini_moat, minmay_small_thing
D:5:      layout_cave_pools, mainiacjoe_overflow_cross_hatched, serial_shops,
          shop, minmay_misc_feat_five

Skill      XL: |  1  2  3  4  5  6 |
---------------+-------------------+-----
Armour         | 1 |  1.3
Ranged Weapons | 5 6 7 |  7.1
Fighting       | 3 4 |  4.0
Dodging        | |  1.5
Stealth        | |  1.1

Action                     |  1- 3 |  4- 6 || total
---------------------------+-------+-------++-------
   Fire: Shortbow          |   102 |   222 ||   324
    Use: Scroll            |     5 |     7 ||    12
         Potion            |     1 |     1 ||     2
 Armour: Leather armour    |     4 |       ||     4
         Ring mail         |    22 |   103 ||   125
  Dodge: Dodged            |    39 |    65 ||   104

Table legend:
 A = Non-vault XP
 B = Vault XP
 C = Vault XP percentage of total XP
 D = Non-vault monster count
 E = Vault monster count
 F = Vault count percentage of total count
                 A         B        C        D         E       F
            +---------+---------+-------+---------+---------+-------
      Total |     531 |      36 |   6.3 |      65 |       2 |   3.0
            +---------+---------+-------+---------+---------+-------
        D:1 |      26 |       0 |   0.0 |      15 |       0 |   0.0
        D:2 |      43 |       0 |   0.0 |       6 |       0 |   0.0
        D:3 |     185 |       0 |   0.0 |      27 |       0 |   0.0
        D:4 |     154 |      36 |  18.9 |      14 |       2 |  12.5
        D:5 |     123 |       0 |   0.0 |       3 |       0 |   0.0
            +---------+---------+-------+---------+---------+-------
